 Dungeon Crawl Stone Soup version 0.26.0-10-g1f06aea511 (webtiles) character file.

Game seed: 10089208709311136588

756 EnegeticOcto the Frost Mage (level 7, -1/50 HPs)
             Began as a Barachi Ice Elementalist on Jan 31, 2021.
             Was a Follower of Vehumet.
             Shot with an arrow by a centaur (9 damage)
             ... on level 5 of the Dungeon.
             The game lasted 00:08:03 (1231 turns).

EnegeticOcto the Frost Mage (BaIE)                  Turns: 1231, Time: 00:08:03

Health: -1/50      AC:  3    Str:  9    XL:     7   Next: 79%
Magic:  4/13       EV: 12    Int: 20    God:    Vehumet [*.....]
Gold:   143        SH:  0    Dex: 13    Spells: 2/14 levels left

rFire    . . .     SeeInvis .   h - +8 mace of Ashenzari's Outrage {drain, Int+3}
rCold    . . .     Faith    .   (no shield)
rNeg     . . .     Spirit   .   a - +0 robe
rPois    .         Reflect  .   (no helmet)
rElec    .         Harm     .   (no cloak)
rCorr    .         Rampage  .   (no gloves)
Will     .....                  e - +0 pair of boots
Stlth    ++........             (no amulet)
HPRegen  0.16/turn              (no ring)
MPRegen  0.13/turn              (no ring)

@: lethally poisoned (-1 -> -4), frozen ramparts, slow
A: +LOS, swims, slowness 1, strong legs 1
a: Hop, Renounce Religion


You were on level 5 of the Dungeon.
You worshipped Vehumet.
Vehumet was aware of your devotion.
You visited 1 branch of the dungeon, and saw 5 of its levels.

You collected 143 gold pieces.

Inventory:

Hand Weapons
 f - a +0 spear
   (You found it on level 3 of the Dungeon)
 h - the +8 mace of Ashenzari's Outrage (weapon) {drain, Int+3}
   (You found it on level 5 of the Dungeon)

   A truly terrible weapon, it drains the life of those it strikes.
   It affects your intelligence (+3).
 i - a +4 short sword of distortion
   (You took it off a big kobold on level 5 of the Dungeon)
Missiles
 b - 3 boomerangs (quivered)
Armour
 a - a +0 robe (worn)
 e - a +0 pair of boots (worn)
   (You found it on level 3 of the Dungeon)
Magical Staves
 j - an uncursed staff of conjuration
   (You found it on level 5 of the Dungeon)
Scrolls
 c - 2 scrolls of enchant weapon {unknown}
 d - a scroll of remove curse {unknown}
 g - 2 scrolls of identify {unknown}
 k - 3 scrolls of teleportation {@r3 !r}


   Skills:
 - Level 2.0 Fighting
 - Level 2.1 Dodging
 - Level 1.7 Stealth
 - Level 4.0 Spellcasting
 + Level 0.0 Conjurations
 - Level 6.0 Summonings
 + Level 8.0 Ice Magic


You had 2 spell levels left.
You knew the following spells:

 Your Spells              Type           Power        Failure   Level
a - Freeze                Ice            100%         1%          1
b - Frozen Ramparts       Ice            72%          1%          3
c - Summon Ice Beast      Ice/Summ       32%          7%          4
d - Hailstorm             Conj/Ice       20%          24%         4

Your spell library contained the following spells:

 Spells                   Type           Power        Failure   Level
 Shock                    Conj/Air       16%          13%         1
 Ozocubu's Armour         Ice            36%          1%          3


Dungeon Overview and Level Annotations

Branches:
Dungeon (5/15)
 Temple: D:4-7

Altars:
Nemelex Xobeh
Vehumet

Shops:
D:5 *

Portals:
Abyss: D:5

Annotations:
D:4 Eustachio


Innate Abilities, Weirdness & Mutations

You can be seen from farther away. (+LOS)
You can swim through water.
You cover ground slowly.
You can hop short distances.


Message History

You destroy DRAGONFLAY's ghost!
Vehumet accepts your kill.
You can now gain magical power from killing.
Vehumet offers you knowledge of Shock.
The wall freezes the small abomination.
Training target 6.0 for Summonings reached!
Your Summonings skill gained 2 levels and is now at level 6!
You need to enable at least one skill for training.
Training target 2.0 for Fighting reached!
Your Fighting skill gained 2 levels and is now at level 2!
Your Spellcasting skill increases to level 3!
You have reached level 7!
Casting: Frozen Ramparts (safe; 1% risk of failure)
Confirm with . or Enter, or press ? or * to list all spells.
Aiming: Freeze (safe; 1% risk of failure)
Press: ? - help, Shift-Dir - straight line, f/p - small abomination
Aim: a small abomination (almost destroyed)
You freeze the small abomination.
You destroy the small abomination!
Vehumet accepts your kill.
The frozen ramparts melt away.
Training target 4.0 for Spellcasting reached!
Your Spellcasting skill increases to level 4!
You need to enable at least one skill for training.
There is a transporter here.
You enter the transporter and appear at another place.
This spell is quite dangerous to cast!
Memorise Hailstorm, consuming 4 spell levels and leaving 2?
You start memorising the spell.
You continue memorising. x4
You finish memorising.
Spell assigned to 'd'.
Found a dire flail.
You now have 143 gold pieces (gained 6).
You swing at nothing.
You see here a dire flail.
An orc comes into view.
The orc throws a boomerang.
The boomerang barely misses you.
The weapon returns to the orc!
A scorpion comes into view.
The orc throws a boomerang.
The boomerang barely misses you.
The weapon returns to the orc!
The orc throws a boomerang.
The boomerang closely misses you.
The weapon returns to the orc!
Found a scroll labelled HASCHY OFONO.
Found Aczott's General Store.
A centaur comes into view.
The orc throws a boomerang.
The boomerang hits you but does no damage.
The weapon returns to the orc!
Found 16 gold pieces.
What are your orders? t - Ribbit!
Orders for allies: a - Attack new target. r - Retreat! s - Stop attacking. g - Guard the area. f - Follow me.
Anything else - Cancel.
You ribbit for attention!
The centaur wields a +0 shortbow.
The centaur shoots an arrow.
The arrow hits you!
The orc throws a boomerang.
The boomerang hits you but does no damage.
The weapon returns to the orc!
The orc throws a boomerang.
The boomerang closely misses you.
The weapon returns to the orc!
The scorpion barely misses you.
Casting: Freeze (safe; 1% risk of failure)
Confirm with . or Enter, or press ? or * to list all spells.
Casting: Frozen Ramparts (safe; 1% risk of failure)
Press: ? - help, Dir - look around, f - activate The walls around you are covered in ice.
The wall freezes the centaur.
The wall freezes the orc!
You kill the orc!
Vehumet accepts your kill.
The wall freezes the scorpion.
The scorpion closely misses you.
The wall freezes the centaur.
The wall freezes the scorpion.
The scorpion stings you.
You are poisoned.
The scorpion poisons you!
You feel sick.
The wall freezes the scorpion.
The scorpion stings you.
You feel sick.
The wall freezes the centaur.
The wall freezes the scorpion.
The scorpion stings you.
* * * LOW HITPOINT WARNING * * *
Casting: Frozen Ramparts (safe; 1% risk of failure)
Confirm with . or Enter, or press ? or * to list all spells.
Aiming: Freeze (safe; 1% risk of failure)
Press: ? - help, Shift-Dir - straight line, f - scorpion
Aim: a scorpion (heavily wounded)
You freeze the scorpion.
The scorpion is heavily wounded.
The wall freezes the centaur.
The wall freezes the scorpion.
The scorpion stings you.
* * * LOW HITPOINT WARNING * * *
Casting: Freeze (safe; 1% risk of failure)
Confirm with . or Enter, or press ? or * to list all spells.
Aiming: Freeze (safe; 1% risk of failure)
Press: ? - help, Shift-Dir - straight line, f/p - scorpion
Aim: a scorpion (heavily wounded)
You freeze the scorpion.
The scorpion is severely wounded.
The wall freezes the scorpion!
You kill the scorpion!
Vehumet accepts your kill.
The wall freezes the centaur!
The centaur shoots an arrow.
The arrow hits you!
You die...

.. ####......$ #.#
#........?# ### #....
.......... #..
....###..#..s. #.#
#.#.#......o^ .# #.#
#.#.#.##.∩.#...# #.#
#.#.#.##c......# #.#
#.#.#.##(## #.#
#........@# #.#
##....###.#
..#######..####......#
........)..#
##.###....♣
##########.# ### ..P
#... . #####


You could see a centaur.

Vanquished Creatures
  The ghost of DRAGONFLAY the Chopper, a novice MiFi (D:5)
  An ogre (D:4)
  A big kobold (D:5)
  A scorpion (D:5)
  A small abomination (D:5)
  An orc priest (D:4)
  A hound (D:4)
  3 orc wizards
  2 iguanas
  2 adders (D:4)
  A shadow imp (D:5)
  A leopard gecko (D:3)
  5 orcs
  A ball python (D:4)
  A bat (D:3)
  2 giant cockroaches
  3 goblins
  3 hobgoblins
  4 quokkas
  A frilled lizard (D:4)
  A leopard gecko zombie (D:5)
37 creatures vanquished.

Notes
Turn   | Place    | Note
-------+----------+-------------------------------------------
     0 | D:1      | EnegeticOcto the Barachi Ice Elementalist began the quest
                  | for the Orb.
     0 | D:1      | Reached XP level 1. HP: 13/13 MP: 3/3
    20 | D:1      | Reached skill level 5 in Ice Magic
    42 | D:1      | You fall into a shaft and drop 1 floor!
   111 | D:2      | Reached XP level 2. HP: 9/19 MP: 0/5
   195 | D:3      | Found a radiant altar of Vehumet.
   203 | D:3      | Became a worshipper of Vehumet
   389 | D:4      | Reached skill level 6 in Ice Magic
   389 | D:4      | Reached XP level 3. HP: 18/24 MP: 2/6
   393 | D:4      | Learned a level 3 spell: Frozen Ramparts
   413 | D:4      | Noticed Eustachio
   497 | D:3      | Reached XP level 4. HP: 13/30 MP: 4/7
   509 | D:3      | Reached skill level 7 in Ice Magic
   680 | D:4      | Reached XP level 5. HP: 35/35 MP: 2/8
   686 | D:4      | Learned a level 4 spell: Summon Ice Beast
   689 | D:4      | Noticed an ogre
   700 | D:4      | Killed an ogre
   701 | D:4      | Reached skill level 2 in Summonings
   701 | D:4      | Reached skill level 8 in Ice Magic
   781 | D:4      | Reached skill level 3 in Summonings
   781 | D:4      | Reached XP level 6. HP: 12/41 MP: 5/9
  1013 | D:5      | Entered Level 5 of the Dungeon
  1021 | D:5      | Got a dazzling mace
  1021 | D:5      | Identified the +8 mace of Ashenzari's Outrage {drain,
                  | Int+3} (You found it on level 5 of the Dungeon)
  1035 | D:4      | Found a sparkling altar of Nemelex Xobeh.
  1100 | D:5      | Found a one-way gate to the infinite horrors of the Abyss.
  1100 | D:5      | Found a transporter.
  1100 | D:5      | Noticed DRAGONFLAY's ghost (novice MiFi)
  1121 | D:5      | Reached skill level 4 in Summonings
  1135 | D:5      | Found a transporter.
  1179 | D:5      | Killed DRAGONFLAY's ghost
  1179 | D:5      | Reached * piety under Vehumet
  1179 | D:5      | Offered knowledge of Shock by Vehumet.
  1180 | D:5      | Reached skill level 6 in Summonings
  1180 | D:5      | Reached skill level 2 in Fighting
  1180 | D:5      | Reached skill level 3 in Spellcasting
  1180 | D:5      | Reached XP level 7. HP: 30/50 MP: 2/12
  1181 | D:5      | Reached skill level 4 in Spellcasting
  1192 | D:5      | Learned a level 4 spell: Hailstorm
  1218 | D:5      | Found Aczott's General Store.
  1231 | D:5      | Shot with an arrow by a centaur

Illustrated notes

Levels and vault maps discovered:
D:1:      dpeg_arrival_renting, layout_loops_ring
D:2:      layout_basic, grunt_decor_fettered, kennysheep_generic_room_6
D:3:      layout_loops_corners, kiku_gazebo_garden_becter, lemuel_round_altar,
          hex_large, minmay_misc_feat_encased, corexii_corridor_pit,
          minivault_27, hangedman_feature_mirror, st_stairs_13,
          corexii_item_surrounded_by_moat
D:4:      lemuel_upstairs_altar, layout_layer_cave, serial_shops, shop,
          minmay_between, uniq_eustachio
D:5:      layout_loops_ring, old_standard_altar, overflow_temple_1_default,
          lemuel_round_altar, lemuel_coloured_pillars_altar, lemuel_round_altar,
          gammafunk_ghost_abyssal_escape, serial_shops, nicolae_shop_stone,
          uniq_crazy_yiuf_cottage

Skill      XL: |  1  2  3  4  5  6  7 |
---------------+----------------------+-----
Ice Magic      | 5 6 7 8 |  8.0
Summonings     | 3 6 |  6.0
Fighting       | 2 |  2.0
Spellcasting   | 3 4 |  4.0
Dodging        | |  2.1
Stealth        | |  1.7

Action                   |  1- 3 |  4- 6 |  7- 9 || total
-------------------------+-------+-------+-------++-------
Melee: Unarmed           |     4 |       |       ||     4
       Spear             |     1 |     6 |       ||     7
       Mace              |       |     8 |       ||     8
Throw: Boomerang         |    29 |    17 |       ||    46
 Cast: Freeze            |    20 |    11 |     3 ||    34
       Frozen Ramparts   |       |     7 |     1 ||     8
       Summon Ice Beast  |       |     1 |       ||     1
 Abil: Hop               |     2 |     2 |       ||     4
Armor: Robe              |     4 |     1 |     2 ||     7
Dodge: Dodged            |    17 |     7 |     6 ||    30
